[ AOE2 MATCH · #470357121 ]
UnrankedFranks vs Khmer
[ REPLAY ANALYSIS · EXTRACTED FROM THE RECORDED GAME ]
Feudal
11:48
Castle
20:04
Imperial
35:39
| APM avg | 44.3 |
| APM peak | 80 |
| eAPM avg | 25.4 |
| Villagers / military | 117 / 163 |
Focus
⚔️ 41.1% · 🌾 58.9%
Knight ×131 · Fishing Ship ×23 · Galley ×15 · Fire Galley ×12 · Unknown (2626) ×5 · Demolition Raft ×5
Feudal
14:34
Castle
19:08
Imperial
—
| APM avg | 38.3 |
| APM peak | 72 |
| eAPM avg | 22.2 |
| Villagers / military | 114 / 22 |
Focus
⚔️ 41.6% · 🌾 58.4%
Fishing Ship ×14 · Scorpion ×10 · Fire Galley ×5 · Ballista Elephant ×4 · Monk ×2 · Demolition Raft ×1
Feudal
14:00
Castle
17:46
Imperial
—
| APM avg | 41.1 |
| APM peak | 103 |
| eAPM avg | 24.1 |
| Villagers / military | 170 / 95 |
Focus
⚔️ 26.3% · 🌾 73.7%
Knight ×52 · Leitis ×35 · Unknown (2626) ×13 · Fishing Ship ×11 · Fire Galley ×7 · Monk ×1
Feudal
15:05
Castle
18:56
Imperial
39:59
| APM avg | 42.8 |
| APM peak | 84 |
| eAPM avg | 24.3 |
| Villagers / military | 190 / 115 |
Focus
⚔️ 43.2% · 🌾 56.8%
Cavalry Archer ×103 · Unknown (2626) ×17 · Fishing Ship ×8 · Scorpion ×5 · Fire Galley ×4 · Monk ×1
Feudal
13:43
Castle
17:38
Imperial
39:41
| APM avg | 56.3 |
| APM peak | 121 |
| eAPM avg | 31.8 |
| Villagers / military | 142 / 67 |
Focus
⚔️ 53.3% · 🌾 46.7%
Cavalry Archer ×52 · Unknown (1911) ×19 · Fishing Ship ×9 · Steppe Lancer ×6 · Petard ×5 · Battering Ram ×4
Feudal
13:26
Castle
20:29
Imperial
35:57
| APM avg | 29.9 |
| APM peak | 71 |
| eAPM avg | 21.7 |
| Villagers / military | 225 / 164 |
Focus
⚔️ 26.0% · 🌾 74.0%
Camel Scout ×160 · Fishing Ship ×7 · Galley ×2 · Unknown (2626) ×2 · Armored Elephant ×2
Feudal
12:12
Castle
25:11
Imperial
—
| APM avg | 33.2 |
| APM peak | 86 |
| eAPM avg | 19.4 |
| Villagers / military | 90 / 39 |
Focus
⚔️ 37.2% · 🌾 62.8%
Fishing Ship ×18 · Galley ×17 · Knight ×14 · Fire Galley ×3 · Battering Ram ×3 · Demolition Raft ×2
Feudal
15:49
Castle
19:36
Imperial
40:38
| APM avg | 38.5 |
| APM peak | 68 |
| eAPM avg | 22.7 |
| Villagers / military | 150 / 114 |
Focus
⚔️ 30.1% · 🌾 69.9%
War Wagon ×110 · Fishing Ship ×16 · Monk ×4
Match map
Initial resources + every placement click. Lines = walls · curves = elevation contours. ◆ gold · ⬟ stone · ● berries · ✦ relic · ◌ wall gap
Your base· ✓ Closed at 20:04 · 29t walls · no gate
umugwanyi's base· Open — unwalled flank
Festering Goblin_1's base· Open — 7t gap
kw's base· Open — unwalled flank
Rgeadn's base· Open — 3t gap
RoR | Smokealot's base· Open — 8t gap
Evan's base· Open — 2t gap
Đà Lạt's base· Open — 6t gap
Smoothed initial terrain · ◌ = detected wall gap · hover for details
Inputs per minute
— . - - umugwanyi
Build order — .
First 150 of 493 actions detected
| 0:03 | Build | Town Center |
| 0:12 | Build | Dock |
| 0:13 | Build | House |
| 2:25 | Create | Villager (Male) |
| 2:26 | Create | Villager (Male) |
| 2:26 | Create | Villager (Male) |
| 2:41 | Create | Villager (Male) |
| 3:20 | Create | Villager (Male) |
| 3:32 | Create | Fishing Ship |
| 4:14 | Build | House |
| 4:27 | Create | Villager (Male) |
| 4:28 | Create | Villager (Male) |
| 4:55 | Create | Villager (Male) |
| 4:56 | Create | Villager (Male) |
| 5:20 | Create | Villager (Male) |
| 5:23 | Create | Fishing Ship |
| 5:30 | Build | House |
| 5:32 | Create | Villager (Male) |
| 5:33 | Create | Villager (Male) |
| 6:04 | Create | Villager (Male) |
| 6:05 | Create | Villager (Male) |
| 6:19 | Create | Fishing Ship |
| 6:25 | Create | Villager (Male) |
| 6:30 | Build | House |
| 6:40 | Build | Palisade Wall |
| 6:50 | Build | House |
| 6:56 | Create | Villager (Male) |
| 7:12 | Create | Fishing Ship |
| 7:15 | Create | Villager (Male) |
| 7:33 | Build | House |
| 7:35 | Build | Palisade Wall |
| 7:36 | Build | Palisade Wall |
| 7:40 | Create | Fishing Ship |
| 7:41 | Create | Villager (Male) |
| 8:10 | Create | Villager (Male) |
| 8:35 | Create | Villager (Male) |
| 8:41 | Build | Palisade Wall |
| 8:50 | Build | Mining Camp |
| 8:54 | Build | Palisade Wall |
| 9:00 | Create | Villager (Male) |
| 9:38 | Research | Feudal Age |
| 9:55 | Create | Fishing Ship |
| 10:17 | Build | Dock |
| 10:40 | Create | Fishing Ship |
| 10:58 | Create | Fishing Ship |
| 11:07 | Create | Villager (Male) |
| 11:10 | Build | House |
| 11:34 | Build | Dock |
| 11:48 | Age | Feudal Age |
| 11:53 | Create | Fire Galley |
| 11:54 | Create | Villager (Male) |
| 12:00 | Build | House |
| 12:21 | Create | Fire Galley |
| 12:21 | Create | Fire Galley |
| 12:23 | Create | Villager (Male) |
| 12:25 | Research | Loom |
| 12:25 | Research | Loom |
| 12:28 | Build | Palisade Gate |
| 12:33 | Build | Palisade Wall |
| 12:49 | Build | House |
| 12:52 | Build | Palisade Wall |
| 13:05 | Create | Galley |
| 13:18 | Create | Fire Galley |
| 13:19 | Create | Villager (Male) |
| 13:22 | Create | Fire Galley |
| 13:23 | Create | Fire Galley |
| 13:42 | Build | Palisade Wall |
| 13:45 | Create | Galley |
| 13:46 | Create | Villager (Male) |
| 14:05 | Create | Villager (Male) |
| 14:12 | Create | Galley |
| 14:31 | Create | Galley |
| 14:32 | Create | Villager (Male) |
| 15:00 | Build | Mill |
| 15:07 | Create | Villager (Male) |
| 15:14 | Build | House |
| 15:34 | Create | Villager (Male) |
| 15:39 | Build | Blacksmith |
| 16:03 | Create | Villager (Male) |
| 16:34 | Create | Villager (Male) |
| 16:36 | Build | Market |
| 16:52 | Create | Galley |
| 16:56 | Create | Villager (Male) |
| 17:15 | Create | Fire Galley |
| 17:18 | Research | Castle Age |
| 17:20 | Research | Fletching |
| 17:37 | Research | Tech 906 |
| 17:40 | Build | House |
| 17:57 | Create | Galley |
| 17:57 | Create | Galley |
| 18:09 | Create | Fire Galley |
| 18:37 | Create | Galley |
| 19:07 | Create | Fire Galley |
| 19:13 | Build | Lumber Camp |
| 19:16 | Create | Villager (Male) |
| 19:27 | Create | Unit 2626 |
| 19:36 | Create | Fire Galley |
| 19:42 | Research | Double-Bit Axe |
| 19:59 | Create | Galley |
| 20:04 | Age | Castle Age |
| 20:13 | Research | War Galley (upgrade) |
| 20:13 | Research | War Galley (upgrade) |
| 20:22 | Research | Bow Saw |
| 20:24 | Create | Villager (Male) |
| 20:41 | Build | House |
| 20:49 | Build | Town Center |
| 20:50 | Create | Villager (Male) |
| 21:11 | Create | Fire Galley |
| 21:18 | Create | Villager (Male) |
| 21:20 | Build | Lumber Camp |
| 21:22 | Build | Lumber Camp |
| 21:30 | Create | Trade Cog |
| 21:35 | Create | Fire Galley |
| 21:52 | Create | Villager (Male) |
| 21:59 | Build | House |
| 22:01 | Research | Gillnets |
| 22:01 | Research | Gillnets |
| 22:09 | Create | Villager (Male) |
| 22:17 | Create | Fishing Ship |
| 22:17 | Create | Fishing Ship |
| 22:18 | Create | Fishing Ship |
| 22:44 | Create | Villager (Male) |
| 22:49 | Build | Dock |
| 22:52 | Create | Villager (Male) |
| 22:55 | Build | Town Center |
| 22:57 | Create | Villager (Male) |
| 23:02 | Create | Fishing Ship |
| 23:03 | Create | Fishing Ship |
| 23:03 | Create | Fishing Ship |
| 23:07 | Create | Villager (Male) |
| 23:21 | Create | Villager (Male) |
| 23:24 | Build | Barracks |
| 23:28 | Create | Villager (Male) |
| 23:30 | Build | House |
| 23:33 | Create | Villager (Male) |
| 23:34 | Create | Fishing Ship |
| 23:37 | Create | Villager (Male) |
| 23:42 | Build | Farm |
| 23:45 | Build | Farm |
| 23:46 | Research | Scale Barding Armor |
| 23:46 | Research | Forging |
| 23:48 | Create | Villager (Male) |
| 23:52 | Build | House |
| 23:57 | Build | House |
| 23:58 | Build | House |
| 23:59 | Create | Villager (Male) |
| 24:08 | Build | Farm |
| 24:10 | Build | Farm |
| 24:10 | Create | Villager (Male) |
| 24:12 | Create | Fishing Ship |
Build order — umugwanyi
First 150 of 240 actions detected
| 0:17 | Build | Town Center |
| 1:12 | Build | Dock |
| 1:21 | Build | House |
| 2:12 | Build | Palisade Wall |
| 2:15 | Build | Palisade Wall |
| 2:24 | Build | Palisade Wall |
| 2:35 | Create | Villager (Male) |
| 2:35 | Create | Villager (Male) |
| 2:36 | Create | Villager (Male) |
| 2:36 | Create | Villager (Male) |
| 4:03 | Create | Fishing Ship |
| 4:03 | Create | Fishing Ship |
| 4:12 | Research | Loom |
| 4:12 | Research | Loom |
| 4:40 | Create | Villager (Male) |
| 4:41 | Create | Villager (Male) |
| 5:05 | Create | Villager (Male) |
| 5:06 | Create | Villager (Male) |
| 5:06 | Create | Villager (Male) |
| 5:12 | Build | House |
| 5:34 | Create | Villager (Male) |
| 5:34 | Create | Villager (Male) |
| 5:56 | Create | Villager (Male) |
| 5:56 | Create | Villager (Male) |
| 6:02 | Create | Villager (Male) |
| 6:30 | Create | Fishing Ship |
| 6:33 | Create | Villager (Male) |
| 6:33 | Create | Villager (Male) |
| 6:44 | Build | House |
| 7:07 | Create | Villager (Male) |
| 7:07 | Create | Villager (Male) |
| 7:10 | Create | Fishing Ship |
| 7:41 | Create | Villager (Male) |
| 7:49 | Create | Fishing Ship |
| 7:57 | Build | House |
| 8:07 | Create | Fishing Ship |
| 8:10 | Build | House |
| 8:24 | Create | Villager (Male) |
| 8:24 | Create | Villager (Male) |
| 8:35 | Build | House |
| 8:42 | Build | Outpost |
| 8:46 | Create | Villager (Male) |
| 8:46 | Create | Villager (Male) |
| 9:02 | Build | Outpost |
| 9:03 | Create | Villager (Male) |
| 9:14 | Create | Villager (Male) |
| 9:27 | Create | Fishing Ship |
| 9:27 | Create | Fishing Ship |
| 9:42 | Create | Villager (Male) |
| 9:42 | Create | Villager (Male) |
| 9:57 | Create | Villager (Male) |
| 10:08 | Create | Villager (Male) |
| 10:08 | Create | Fishing Ship |
| 10:11 | Build | House |
| 10:17 | Create | Villager (Male) |
| 10:31 | Create | Villager (Male) |
| 10:34 | Build | House |
| 10:46 | Build | Mill |
| 10:57 | Create | Fishing Ship |
| 10:58 | Create | Fishing Ship |
| 11:15 | Build | Outpost |
| 11:18 | Create | Villager (Male) |
| 11:29 | Build | Mill |
| 11:33 | Create | Villager (Male) |
| 12:24 | Research | Feudal Age |
| 12:25 | Research | Feudal Age |
| 12:32 | Create | Fishing Ship |
| 12:48 | Build | House |
| 12:58 | Build | Palisade Wall |
| 13:06 | Build | Palisade Gate |
| 13:31 | Build | Palisade Wall |
| 13:47 | Create | Villager (Male) |
| 14:34 | Age | Feudal Age |
| 14:41 | Build | House |
| 14:50 | Create | Villager (Male) |
| 15:06 | Create | Fire Galley |
| 15:08 | Create | Villager (Male) |
| 15:19 | Build | Market |
| 15:37 | Build | Dock |
| 15:38 | Create | Villager (Male) |
| 16:05 | Create | Fire Galley |
| 16:28 | Research | Castle Age |
| 16:28 | Research | Castle Age |
| 16:40 | Create | Fire Galley |
| 16:47 | Build | Lumber Camp |
| 17:05 | Create | Demolition Raft |
| 17:31 | Create | Villager (Male) |
| 17:43 | Research | Double-Bit Axe |
| 17:43 | Research | Double-Bit Axe |
| 18:13 | Create | Fire Galley |
| 18:14 | Create | Villager (Male) |
| 18:26 | Build | Watch Tower |
| 18:47 | Build | Palisade Wall |
| 19:04 | Create | Fire Galley |
| 19:08 | Age | Castle Age |
| 19:10 | Research | Bow Saw |
| 19:10 | Research | Bow Saw |
| 19:13 | Build | Siege Workshop |
| 19:13 | Create | Villager (Male) |
| 19:32 | Create | Villager (Male) |
| 19:42 | Create | Fishing Ship |
| 19:45 | Create | Villager (Male) |
| 19:48 | Create | Scorpion |
| 19:48 | Create | Scorpion |
| 19:58 | Create | Villager (Male) |
| 20:10 | Build | Gate |
| 20:13 | Build | Stone Wall |
| 20:17 | Create | Villager (Male) |
| 20:19 | Create | Scorpion |
| 20:42 | Create | Scorpion |
| 20:47 | Create | Villager (Male) |
| 21:02 | Create | Fishing Ship |
| 21:09 | Create | Villager (Male) |
| 21:09 | Create | Villager (Male) |
| 21:29 | Create | Villager (Male) |
| 21:39 | Create | Villager (Male) |
| 21:53 | Build | House |
| 21:54 | Build | House |
| 22:01 | Build | Town Center |
| 22:25 | Research | Town Watch |
| 22:25 | Create | Villager (Male) |
| 22:25 | Research | Town Watch |
| 22:25 | Create | Villager (Male) |
| 22:40 | Build | House |
| 22:42 | Build | House |
| 23:02 | Create | Villager (Male) |
| 23:03 | Create | Villager (Male) |
| 23:03 | Create | Villager (Male) |
| 23:15 | Build | University |
| 23:30 | Build | House |
| 23:34 | Create | Villager (Male) |
| 23:52 | Create | Villager (Male) |
| 23:57 | Build | Farm |
| 23:58 | Build | Farm |
| 23:59 | Build | Farm |
| 24:00 | Build | Farm |
| 24:01 | Build | Farm |
| 24:01 | Build | Farm |
| 24:08 | Create | Villager (Male) |
| 24:09 | Create | Villager (Male) |
| 24:11 | Build | House |
| 24:18 | Research | Ballistics |
| 24:18 | Research | Ballistics |
| 24:40 | Create | Villager (Male) |
| 24:42 | Build | Farm |
| 24:45 | Build | Farm |
| 24:45 | Create | Villager (Male) |
| 24:45 | Create | Villager (Male) |
| 24:46 | Create | Villager (Male) |
| 25:08 | Create | Villager (Male) |
Build order — Festering Goblin_1
First 150 of 443 actions detected
| 0:03 | Build | Town Center |
| 1:11 | Build | Dock |
| 1:13 | Build | House |
| 2:28 | Create | Villager (Male) |
| 2:28 | Create | Villager (Male) |
| 2:28 | Create | Villager (Male) |
| 2:28 | Create | Villager (Male) |
| 2:29 | Create | Villager (Male) |
| 2:29 | Create | Villager (Male) |
| 2:29 | Create | Villager (Male) |
| 3:31 | Create | Fishing Ship |
| 4:19 | Create | Villager (Male) |
| 4:22 | Create | Fishing Ship |
| 4:39 | Research | Loom |
| 4:40 | Create | Villager (Male) |
| 4:40 | Create | Villager (Male) |
| 4:40 | Create | Villager (Male) |
| 4:43 | Build | House |
| 5:13 | Create | Villager (Male) |
| 5:14 | Create | Villager (Male) |
| 5:33 | Build | House |
| 5:38 | Create | Villager (Male) |
| 5:38 | Create | Villager (Male) |
| 6:07 | Create | Villager (Male) |
| 6:07 | Create | Villager (Male) |
| 6:13 | Create | Villager (Male) |
| 6:16 | Create | Fishing Ship |
| 6:16 | Create | Fishing Ship |
| 6:32 | Create | Villager (Male) |
| 7:01 | Create | Villager (Male) |
| 7:03 | Create | Fishing Ship |
| 7:07 | Create | Villager (Male) |
| 7:36 | Build | House |
| 7:41 | Create | Villager (Male) |
| 7:41 | Create | Villager (Male) |
| 7:50 | Create | Villager (Male) |
| 8:01 | Create | Fishing Ship |
| 8:01 | Create | Fishing Ship |
| 8:32 | Build | House |
| 8:39 | Create | Villager (Male) |
| 8:39 | Create | Villager (Male) |
| 8:40 | Create | Villager (Male) |
| 8:49 | Create | Fishing Ship |
| 8:49 | Create | Fishing Ship |
| 9:09 | Create | Villager (Male) |
| 9:09 | Create | Villager (Male) |
| 9:09 | Create | Villager (Male) |
| 9:10 | Create | Villager (Male) |
| 9:10 | Create | Villager (Male) |
| 9:10 | Create | Villager (Male) |
| 9:39 | Build | Lumber Camp |
| 10:19 | Build | Mill |
| 10:38 | Build | House |
| 11:10 | Build | Mining Camp |
| 11:21 | Research | Feudal Age |
| 11:39 | Build | Dock |
| 12:19 | Build | House |
| 12:45 | Create | Fishing Ship |
| 12:53 | Create | Fishing Ship |
| 13:07 | Build | House |
| 13:11 | Build | Palisade Wall |
| 13:13 | Build | Palisade Wall |
| 14:00 | Age | Feudal Age |
| 14:03 | Build | Blacksmith |
| 14:04 | Build | Market |
| 14:16 | Create | Villager (Male) |
| 14:16 | Create | Villager (Male) |
| 14:20 | Research | Double-Bit Axe |
| 14:24 | Research | Tech 906 |
| 14:33 | Build | House |
| 15:02 | Research | Castle Age |
| 15:02 | Research | Castle Age |
| 15:11 | Create | Unit 2626 |
| 15:11 | Create | Unit 2626 |
| 15:50 | Research | Gold Mining |
| 15:55 | Create | Unit 2626 |
| 15:55 | Create | Unit 2626 |
| 15:56 | Create | Unit 2626 |
| 16:27 | Create | Unit 2626 |
| 16:55 | Create | Unit 2626 |
| 16:55 | Create | Unit 2626 |
| 17:14 | Create | Unit 2626 |
| 17:34 | Create | Fire Galley |
| 17:35 | Create | Fire Galley |
| 17:46 | Age | Castle Age |
| 18:03 | Research | War Galley (upgrade) |
| 18:47 | Create | Fire Galley |
| 18:47 | Create | Fire Galley |
| 18:58 | Research | Wheelbarrow |
| 19:29 | Build | Town Center |
| 19:36 | Build | Monastery |
| 19:46 | Research | Horse Collar |
| 19:48 | Create | Villager (Male) |
| 19:52 | Create | Unit 2626 |
| 19:52 | Create | Unit 2626 |
| 20:16 | Create | Villager (Male) |
| 20:16 | Create | Villager (Male) |
| 20:16 | Create | Villager (Male) |
| 20:27 | Create | Monk |
| 20:38 | Build | Farm |
| 20:39 | Build | Farm |
| 20:40 | Build | Farm |
| 21:00 | Create | Fire Galley |
| 21:04 | Create | Villager (Male) |
| 21:04 | Create | Villager (Male) |
| 21:05 | Create | Villager (Male) |
| 21:08 | Create | Villager (Male) |
| 21:09 | Create | Villager (Male) |
| 21:13 | Build | Farm |
| 21:32 | Build | Farm |
| 21:32 | Build | Farm |
| 21:43 | Create | Fire Galley |
| 21:43 | Create | Fire Galley |
| 22:08 | Create | Unit 2626 |
| 22:08 | Create | Unit 2626 |
| 22:09 | Create | Villager (Male) |
| 22:10 | Create | Villager (Male) |
| 22:10 | Create | Villager (Male) |
| 22:10 | Create | Villager (Male) |
| 22:10 | Create | Villager (Male) |
| 22:11 | Create | Villager (Male) |
| 22:13 | Research | Fervor |
| 22:19 | Create | Villager (Male) |
| 22:19 | Create | Villager (Male) |
| 22:24 | Build | Farm |
| 22:25 | Build | Farm |
| 22:28 | Build | Farm |
| 22:52 | Build | House |
| 23:00 | Create | Villager (Male) |
| 23:01 | Create | Villager (Male) |
| 23:07 | Build | Farm |
| 23:09 | Build | Farm |
| 23:22 | Build | House |
| 23:23 | Build | House |
| 23:23 | Build | House |
| 23:31 | Create | Villager (Male) |
| 23:31 | Create | Villager (Male) |
| 23:51 | Build | Town Center |
| 23:56 | Research | Stone Mining |
| 23:56 | Research | Stone Mining |
| 23:59 | Research | Town Watch |
| 24:05 | Build | Farm |
| 24:09 | Build | Farm |
| 24:18 | Create | Villager (Male) |
| 24:18 | Create | Villager (Male) |
| 24:18 | Create | Villager (Male) |
| 24:58 | Create | Villager (Male) |
| 24:58 | Create | Villager (Male) |
| 24:59 | Create | Villager (Male) |
| 25:05 | Research | Stone Shaft Mining |
Build order — kw
First 150 of 470 actions detected
| 0:11 | Build | Town Center |
| 2:31 | Create | Villager (Male) |
| 2:31 | Create | Villager (Male) |
| 2:32 | Create | Villager (Male) |
| 2:32 | Create | Villager (Male) |
| 2:32 | Create | Villager (Male) |
| 3:43 | Research | Loom |
| 3:43 | Research | Loom |
| 3:49 | Build | Palisade Wall |
| 3:52 | Build | Palisade Wall |
| 3:53 | Build | Palisade Wall |
| 4:22 | Build | Palisade Wall |
| 4:22 | Build | Palisade Wall |
| 4:25 | Build | Palisade Wall |
| 4:30 | Build | Palisade Wall |
| 4:33 | Build | Palisade Wall |
| 4:35 | Build | Palisade Wall |
| 4:44 | Build | Palisade Wall |
| 4:50 | Build | Palisade Wall |
| 4:51 | Build | Palisade Wall |
| 4:59 | Build | Dock |
| 5:10 | Create | Villager (Male) |
| 5:10 | Create | Villager (Male) |
| 5:35 | Create | Villager (Male) |
| 5:35 | Create | Villager (Male) |
| 5:56 | Build | Dock |
| 6:03 | Create | Villager (Male) |
| 6:14 | Build | Palisade Wall |
| 6:38 | Create | Villager (Male) |
| 7:05 | Create | Villager (Male) |
| 7:05 | Create | Villager (Male) |
| 7:15 | Create | Fishing Ship |
| 7:30 | Create | Villager (Male) |
| 7:30 | Create | Villager (Male) |
| 7:51 | Create | Villager (Male) |
| 7:51 | Create | Villager (Male) |
| 7:52 | Create | Villager (Male) |
| 8:10 | Create | Villager (Male) |
| 8:31 | Create | Fishing Ship |
| 8:31 | Create | Fishing Ship |
| 8:34 | Create | Villager (Male) |
| 8:42 | Build | Palisade Wall |
| 8:45 | Build | Palisade Wall |
| 8:48 | Create | Villager (Male) |
| 9:11 | Create | Fishing Ship |
| 9:23 | Create | Villager (Male) |
| 9:44 | Build | Palisade Wall |
| 9:46 | Build | Palisade Wall |
| 9:52 | Create | Fishing Ship |
| 9:55 | Create | Villager (Male) |
| 9:56 | Create | Villager (Male) |
| 10:27 | Create | Fishing Ship |
| 10:29 | Create | Villager (Male) |
| 11:00 | Create | Fishing Ship |
| 11:01 | Create | Villager (Male) |
| 11:46 | Create | Villager (Male) |
| 11:48 | Build | Mining Camp |
| 11:52 | Create | Fishing Ship |
| 12:22 | Build | Mill |
| 12:26 | Create | Villager (Male) |
| 12:45 | Research | Feudal Age |
| 12:45 | Research | Feudal Age |
| 14:32 | Build | Palisade Wall |
| 14:33 | Build | Palisade Wall |
| 14:34 | Build | Palisade Wall |
| 14:35 | Build | Palisade Wall |
| 15:05 | Age | Feudal Age |
| 15:08 | Create | Villager (Male) |
| 15:09 | Create | Villager (Male) |
| 15:23 | Build | Market |
| 15:30 | Build | Blacksmith |
| 15:45 | Build | Dock |
| 16:16 | Research | Castle Age |
| 16:23 | Build | Lumber Camp |
| 17:01 | Research | Double-Bit Axe |
| 17:01 | Research | Double-Bit Axe |
| 17:23 | Create | Unit 2626 |
| 17:24 | Create | Unit 2626 |
| 17:33 | Create | Unit 2626 |
| 17:51 | Create | Villager (Male) |
| 18:35 | Create | Unit 2626 |
| 18:35 | Create | Unit 2626 |
| 18:46 | Create | Villager (Male) |
| 18:56 | Age | Castle Age |
| 18:59 | Build | Town Center |
| 19:07 | Research | War Galley (upgrade) |
| 19:13 | Create | Villager (Male) |
| 19:16 | Build | Town Center |
| 19:57 | Research | Bow Saw |
| 19:57 | Create | Unit 2626 |
| 20:02 | Create | Villager (Male) |
| 20:05 | Create | Villager (Male) |
| 20:05 | Create | Villager (Male) |
| 20:12 | Create | Unit 2626 |
| 20:24 | Create | Villager (Male) |
| 20:24 | Create | Villager (Male) |
| 20:28 | Create | Unit 2626 |
| 20:32 | Create | Unit 2626 |
| 20:41 | Create | Villager (Male) |
| 20:50 | Create | Unit 2626 |
| 20:56 | Create | Villager (Male) |
| 21:09 | Create | Unit 2626 |
| 21:23 | Build | Dock |
| 21:25 | Create | Unit 2626 |
| 21:27 | Create | Villager (Male) |
| 21:28 | Create | Villager (Male) |
| 21:40 | Create | Unit 2626 |
| 21:48 | Create | Villager (Male) |
| 21:48 | Create | Villager (Male) |
| 21:50 | Create | Unit 2626 |
| 21:58 | Create | Villager (Male) |
| 22:15 | Create | Unit 2626 |
| 22:16 | Create | Villager (Male) |
| 22:29 | Research | Horse Collar |
| 22:30 | Create | Villager (Male) |
| 22:30 | Create | Villager (Male) |
| 22:30 | Create | Villager (Male) |
| 22:33 | Create | Unit 2626 |
| 22:54 | Create | Villager (Male) |
| 22:55 | Create | Villager (Male) |
| 22:55 | Create | Villager (Male) |
| 23:03 | Create | Villager (Male) |
| 23:03 | Create | Villager (Male) |
| 23:13 | Create | Unit 2626 |
| 23:20 | Create | Villager (Male) |
| 23:20 | Create | Villager (Male) |
| 23:22 | Create | Villager (Male) |
| 23:22 | Create | Villager (Male) |
| 23:24 | Build | Farm |
| 23:25 | Build | Farm |
| 23:32 | Build | Farm |
| 23:35 | Create | Villager (Male) |
| 23:35 | Create | Villager (Male) |
| 23:35 | Create | Villager (Male) |
| 23:39 | Build | Farm |
| 23:40 | Build | Farm |
| 23:40 | Build | Farm |
| 23:40 | Build | Farm |
| 23:45 | Build | Farm |
| 23:47 | Create | Villager (Male) |
| 23:52 | Create | Villager (Male) |
| 24:14 | Create | Villager (Male) |
| 24:14 | Create | Villager (Male) |
| 24:16 | Build | Farm |
| 24:19 | Build | Farm |
| 24:20 | Build | Farm |
| 24:23 | Build | Monastery |
| 24:31 | Create | Villager (Male) |
| 24:31 | Create | Villager (Male) |
| 24:40 | Build | Farm |
Build order — Rgeadn
First 150 of 414 actions detected
| 0:06 | Build | Town Center |
| 0:34 | Build | Dock |
| 0:56 | Build | House |
| 2:34 | Create | Villager (Male) |
| 2:34 | Create | Villager (Male) |
| 2:34 | Create | Villager (Male) |
| 2:35 | Create | Villager (Male) |
| 2:35 | Create | Villager (Male) |
| 2:50 | Research | Loom |
| 2:50 | Create | Villager (Male) |
| 2:51 | Create | Villager (Male) |
| 2:51 | Create | Villager (Male) |
| 3:38 | Create | Villager (Male) |
| 4:44 | Create | Villager (Male) |
| 4:45 | Create | Fishing Ship |
| 4:55 | Build | Palisade Wall |
| 5:09 | Build | House |
| 5:13 | Create | Villager (Male) |
| 5:53 | Create | Villager (Male) |
| 6:19 | Create | Villager (Male) |
| 6:26 | Create | Fishing Ship |
| 6:31 | Build | House |
| 6:45 | Create | Villager (Male) |
| 7:06 | Create | Villager (Male) |
| 7:10 | Build | Palisade Gate |
| 7:16 | Build | Palisade Gate |
| 7:26 | Create | Fishing Ship |
| 7:45 | Create | Villager (Male) |
| 7:46 | Create | Fishing Ship |
| 7:53 | Build | House |
| 8:00 | Create | Villager (Male) |
| 8:30 | Create | Villager (Male) |
| 8:41 | Create | Fishing Ship |
| 8:51 | Build | House |
| 9:02 | Create | Villager (Male) |
| 9:10 | Create | Villager (Male) |
| 9:14 | Create | Fishing Ship |
| 9:16 | Create | Villager (Male) |
| 9:38 | Create | Fishing Ship |
| 9:44 | Create | Villager (Male) |
| 10:01 | Create | Villager (Male) |
| 10:04 | Build | Mill |
| 10:11 | Build | House |
| 10:20 | Create | Fishing Ship |
| 10:25 | Create | Villager (Male) |
| 10:51 | Create | Villager (Male) |
| 10:59 | Create | Fishing Ship |
| 11:24 | Build | Mining Camp |
| 11:33 | Research | Feudal Age |
| 12:15 | Build | Barracks |
| 12:19 | Build | Barracks |
| 12:47 | Create | Villager (Male) |
| 12:47 | Create | Villager (Male) |
| 13:43 | Age | Feudal Age |
| 13:51 | Build | Archery Range |
| 13:53 | Build | Blacksmith |
| 14:58 | Research | Castle Age |
| 14:59 | Research | Castle Age |
| 15:50 | Build | Lumber Camp |
| 16:14 | Research | Fletching |
| 16:14 | Research | Fletching |
| 16:16 | Research | Gold Mining |
| 16:16 | Research | Gold Mining |
| 16:36 | Research | Double-Bit Axe |
| 16:36 | Research | Double-Bit Axe |
| 16:57 | Research | Horse Collar |
| 17:36 | Create | Villager (Male) |
| 17:38 | Age | Castle Age |
| 17:40 | Create | Cavalry Archer |
| 17:42 | Research | Bodkin Arrow |
| 18:07 | Build | Town Center |
| 18:10 | Build | House |
| 18:14 | Create | Cavalry Archer |
| 18:16 | Create | Villager (Male) |
| 18:34 | Research | Bow Saw |
| 18:34 | Research | Bow Saw |
| 18:34 | Create | Villager (Male) |
| 18:38 | Create | Cavalry Archer |
| 18:45 | Create | Villager (Male) |
| 19:11 | Create | Cavalry Archer |
| 19:13 | Create | Villager (Male) |
| 19:28 | Build | House |
| 19:29 | Build | House |
| 19:31 | Research | Padded Archer Armor |
| 19:43 | Create | Cavalry Archer |
| 19:53 | Research | Town Watch |
| 19:53 | Research | Town Watch |
| 20:04 | Create | Villager (Male) |
| 20:13 | Create | Villager (Male) |
| 20:26 | Create | Villager (Male) |
| 20:31 | Create | Cavalry Archer |
| 20:34 | Create | Villager (Male) |
| 20:44 | Build | House |
| 20:46 | Create | Villager (Male) |
| 21:05 | Build | Town Center |
| 21:09 | Create | Cavalry Archer |
| 21:16 | Create | Villager (Male) |
| 21:16 | Create | Villager (Male) |
| 21:38 | Create | Cavalry Archer |
| 21:45 | Create | Villager (Male) |
| 21:46 | Create | Cavalry Archer |
| 21:49 | Build | House |
| 22:03 | Create | Cavalry Archer |
| 22:05 | Create | Villager (Male) |
| 22:13 | Create | Villager (Male) |
| 22:17 | Create | Villager (Male) |
| 22:31 | Create | Villager (Male) |
| 22:33 | Build | Stable |
| 22:44 | Build | Archery Range |
| 22:48 | Create | Villager (Male) |
| 22:52 | Research | Wheelbarrow |
| 22:52 | Research | Wheelbarrow |
| 22:53 | Create | Villager (Male) |
| 22:56 | Build | Farm |
| 22:58 | Build | Farm |
| 22:58 | Build | Farm |
| 23:05 | Create | Villager (Male) |
| 23:12 | Create | Cavalry Archer |
| 23:18 | Create | Villager (Male) |
| 23:29 | Build | Farm |
| 23:41 | Build | Farm |
| 23:46 | Create | Villager (Male) |
| 23:51 | Build | Farm |
| 23:52 | Build | Farm |
| 23:53 | Build | Farm |
| 23:54 | Build | Farm |
| 23:58 | Create | Villager (Male) |
| 24:02 | Build | House |
| 24:05 | Create | Steppe Lancer |
| 24:15 | Create | Steppe Lancer |
| 24:17 | Create | Villager (Male) |
| 24:18 | Build | Farm |
| 24:18 | Build | Farm |
| 24:20 | Build | Farm |
| 24:27 | Build | House |
| 24:28 | Build | House |
| 24:39 | Create | Villager (Male) |
| 24:39 | Create | Villager (Male) |
| 24:50 | Create | Villager (Male) |
| 24:50 | Create | Villager (Male) |
| 24:52 | Build | Farm |
| 24:54 | Build | Farm |
| 24:58 | Create | Villager (Male) |
| 25:02 | Create | Villager (Male) |
| 25:14 | Create | Steppe Lancer |
| 25:19 | Build | Farm |
| 25:19 | Build | Farm |
| 25:23 | Build | House |
| 25:25 | Create | Villager (Male) |
| 25:37 | Research | Scale Barding Armor |
Build order — RoR | Smokealot
First 150 of 469 actions detected
| 0:04 | Build | Town Center |
| 0:38 | Build | Dock |
| 1:40 | Build | Palisade Wall |
| 2:27 | Create | Villager (Male) |
| 2:27 | Create | Villager (Male) |
| 2:28 | Create | Villager (Male) |
| 2:28 | Create | Villager (Male) |
| 2:28 | Create | Villager (Male) |
| 2:48 | Build | Palisade Wall |
| 2:50 | Build | Palisade Wall |
| 2:54 | Build | Palisade Wall |
| 2:58 | Create | Villager (Male) |
| 2:58 | Create | Villager (Male) |
| 3:29 | Build | House |
| 3:33 | Research | Loom |
| 3:34 | Create | Villager (Male) |
| 3:34 | Create | Villager (Male) |
| 3:50 | Create | Villager (Male) |
| 4:12 | Create | Villager (Male) |
| 4:32 | Create | Villager (Male) |
| 4:32 | Create | Villager (Male) |
| 4:47 | Create | Villager (Male) |
| 4:47 | Create | Villager (Male) |
| 4:53 | Build | House |
| 5:18 | Create | Villager (Male) |
| 5:18 | Create | Villager (Male) |
| 5:58 | Build | Palisade Wall |
| 6:05 | Create | Villager (Male) |
| 6:21 | Build | Palisade Wall |
| 6:23 | Build | Palisade Wall |
| 6:24 | Build | Palisade Wall |
| 6:57 | Build | House |
| 7:01 | Create | Villager (Male) |
| 7:01 | Create | Villager (Male) |
| 7:01 | Create | Villager (Male) |
| 7:37 | Create | Fishing Ship |
| 7:37 | Create | Fishing Ship |
| 7:37 | Create | Fishing Ship |
| 7:37 | Create | Fishing Ship |
| 7:38 | Create | Fishing Ship |
| 7:40 | Create | Villager (Male) |
| 8:20 | Create | Villager (Male) |
| 8:26 | Create | Fishing Ship |
| 8:28 | Build | House |
| 8:50 | Create | Villager (Male) |
| 9:26 | Create | Villager (Male) |
| 9:26 | Create | Villager (Male) |
| 9:42 | Create | Fishing Ship |
| 9:55 | Build | House |
| 10:04 | Create | Villager (Male) |
| 10:41 | Build | Mining Camp |
| 11:16 | Research | Feudal Age |
| 11:16 | Research | Feudal Age |
| 11:40 | Build | Palisade Wall |
| 11:42 | Build | Palisade Wall |
| 12:02 | Create | Villager (Male) |
| 12:05 | Build | Lumber Camp |
| 13:18 | Create | Villager (Male) |
| 13:18 | Create | Villager (Male) |
| 13:25 | Build | Mill |
| 13:26 | Age | Feudal Age |
| 13:35 | Create | Galley ×2 |
| 13:59 | Create | Unit 2626 |
| 14:03 | Create | Villager (Male) |
| 14:06 | Research | Double-Bit Axe |
| 14:06 | Research | Double-Bit Axe |
| 14:26 | Build | House |
| 14:28 | Build | House |
| 14:35 | Build | Blacksmith |
| 14:44 | Create | Villager (Male) |
| 14:58 | Create | Unit 2626 |
| 15:20 | Create | Villager (Male) |
| 15:22 | Build | Farm |
| 15:24 | Build | Farm |
| 15:28 | Build | Farm |
| 15:31 | Build | Farm |
| 15:55 | Create | Villager (Male) |
| 16:01 | Build | Farm |
| 16:09 | Build | Farm |
| 16:11 | Create | Villager (Male) |
| 16:51 | Build | Market |
| 16:56 | Build | Palisade Wall |
| 17:05 | Create | Villager (Male) |
| 17:30 | Build | Palisade Wall |
| 17:49 | Research | Castle Age |
| 17:50 | Research | Castle Age |
| 18:52 | Build | Palisade Wall |
| 18:55 | Create | Villager (Male) |
| 18:55 | Create | Villager (Male) |
| 19:08 | Research | Horse Collar |
| 19:08 | Research | Horse Collar |
| 19:56 | Build | Dock |
| 20:29 | Age | Castle Age |
| 20:32 | Build | Town Center |
| 20:41 | Build | Town Center |
| 20:51 | Research | Wheelbarrow |
| 21:00 | Build | House |
| 21:01 | Build | House |
| 21:07 | Build | Stone Wall |
| 21:10 | Create | Villager (Male) |
| 21:24 | Build | Farm |
| 21:50 | Create | Villager (Male) |
| 21:50 | Create | Villager (Male) |
| 22:10 | Build | Stone Wall |
| 22:13 | Build | Stone Wall |
| 22:16 | Create | Villager (Male) |
| 22:19 | Build | Farm |
| 22:21 | Build | Farm |
| 22:22 | Build | Farm |
| 22:23 | Create | Villager (Male) |
| 22:45 | Create | Villager (Male) |
| 22:46 | Create | Villager (Male) |
| 22:55 | Create | Villager (Male) |
| 22:55 | Create | Villager (Male) |
| 22:57 | Create | Villager (Male) |
| 22:57 | Create | Villager (Male) |
| 23:02 | Create | Villager (Male) |
| 23:07 | Create | Villager (Male) |
| 23:11 | Create | Villager (Male) |
| 23:14 | Build | Town Center |
| 23:20 | Create | Villager (Male) |
| 23:26 | Build | House |
| 23:30 | Create | Villager (Male) |
| 23:36 | Create | Villager (Male) |
| 23:44 | Build | House |
| 23:46 | Build | House |
| 23:47 | Create | Villager (Male) |
| 23:52 | Build | Farm |
| 23:59 | Build | Stone Wall |
| 24:06 | Create | Villager (Male) |
| 24:07 | Create | Villager (Male) |
| 24:09 | Create | Villager (Male) |
| 24:11 | Create | Villager (Male) |
| 24:20 | Create | Villager (Male) |
| 24:23 | Create | Villager (Male) |
| 24:30 | Create | Villager (Male) |
| 24:31 | Create | Villager (Male) |
| 24:33 | Build | Farm |
| 24:35 | Build | Farm |
| 24:36 | Create | Villager (Male) |
| 24:48 | Create | Villager (Male) |
| 24:51 | Build | Farm |
| 24:53 | Create | Villager (Male) |
| 24:55 | Create | Villager (Male) |
| 25:04 | Create | Villager (Male) |
| 25:11 | Create | Villager (Male) |
| 25:33 | Create | Villager (Male) |
| 25:44 | Create | Villager (Male) |
| 25:45 | Create | Villager (Male) |
| 25:49 | Create | Villager (Male) |
Build order — Evan
First 150 of 243 actions detected
| 0:05 | Build | Town Center |
| 0:19 | Build | Town Center |
| 1:04 | Build | Dock |
| 1:43 | Build | House |
| 2:35 | Create | Villager (Male) |
| 2:35 | Create | Villager (Male) |
| 2:36 | Create | Villager (Male) |
| 2:36 | Create | Villager (Male) |
| 4:04 | Build | House |
| 4:05 | Create | Villager (Male) |
| 4:05 | Create | Villager (Male) |
| 4:33 | Create | Fishing Ship |
| 4:33 | Create | Fishing Ship |
| 4:39 | Create | Villager (Male) |
| 4:39 | Create | Villager (Male) |
| 5:05 | Create | Villager (Male) |
| 5:29 | Create | Villager (Male) |
| 5:30 | Create | Villager (Male) |
| 5:44 | Create | Fishing Ship |
| 5:44 | Create | Fishing Ship |
| 5:54 | Create | Villager (Male) |
| 5:54 | Create | Villager (Male) |
| 5:59 | Build | House |
| 6:26 | Create | Villager (Male) |
| 6:27 | Create | Villager (Male) |
| 6:42 | Create | Villager (Male) |
| 7:03 | Create | Villager (Male) |
| 7:04 | Create | Villager (Male) |
| 7:11 | Create | Fishing Ship |
| 7:11 | Create | Fishing Ship |
| 7:36 | Build | House |
| 7:41 | Create | Villager (Male) |
| 7:41 | Create | Villager (Male) |
| 7:42 | Create | Villager (Male) |
| 7:42 | Create | Villager (Male) |
| 8:07 | Create | Fishing Ship |
| 8:53 | Create | Villager (Male) |
| 8:55 | Build | House |
| 9:08 | Build | House |
| 9:20 | Create | Villager (Male) |
| 9:22 | Build | Mill |
| 9:48 | Research | Loom |
| 9:49 | Research | Loom |
| 10:02 | Research | Feudal Age |
| 10:02 | Research | Feudal Age |
| 10:04 | Create | Fishing Ship |
| 11:17 | Create | Fishing Ship |
| 11:23 | Create | Villager (Male) |
| 11:31 | Build | Mining Camp |
| 11:46 | Build | Dock |
| 12:12 | Age | Feudal Age |
| 12:17 | Create | Villager (Male) |
| 12:36 | Build | Town Center |
| 12:52 | Create | Villager (Male) |
| 12:56 | Create | Fire Galley |
| 12:56 | Create | Fire Galley |
| 13:10 | Create | Villager (Male) |
| 13:22 | Create | Fire Galley |
| 13:37 | Build | House |
| 13:37 | Build | House |
| 13:38 | Build | House |
| 13:42 | Create | Villager (Male) |
| 13:56 | Create | Villager (Male) |
| 14:01 | Create | Galley |
| 14:02 | Create | Galley |
| 14:18 | Create | Villager (Male) |
| 14:19 | Create | Villager (Male) |
| 14:21 | Create | Galley |
| 14:35 | Create | Villager (Male) |
| 14:54 | Create | Galley |
| 14:54 | Create | Galley |
| 14:54 | Create | Galley |
| 14:57 | Create | Villager (Male) |
| 15:01 | Create | Villager (Male) |
| 15:24 | Create | Villager (Male) |
| 15:33 | Build | Blacksmith |
| 15:38 | Create | Villager (Male) |
| 15:40 | Research | Loom |
| 15:40 | Research | Loom |
| 15:52 | Create | Villager (Male) |
| 15:54 | Create | Galley |
| 15:57 | Create | Villager (Male) |
| 15:59 | Build | Lumber Camp |
| 16:15 | Create | Galley |
| 16:17 | Create | Villager (Male) |
| 16:21 | Research | Double-Bit Axe |
| 16:28 | Research | Gold Mining |
| 16:29 | Research | Gold Mining |
| 16:32 | Build | House |
| 16:33 | Build | House |
| 16:45 | Research | Fletching |
| 16:46 | Research | Fletching |
| 16:47 | Create | Villager (Male) |
| 16:52 | Build | House |
| 16:56 | Create | Villager (Male) |
| 17:03 | Create | Galley |
| 17:05 | Create | Villager (Male) |
| 17:10 | Build | Farm |
| 17:10 | Build | Farm |
| 17:11 | Build | Farm |
| 17:14 | Create | Villager (Male) |
| 17:32 | Create | Galley |
| 17:33 | Create | Galley |
| 17:40 | Create | Villager (Male) |
| 17:51 | Create | Villager (Male) |
| 17:54 | Build | Farm |
| 17:54 | Build | Farm |
| 17:54 | Build | Farm |
| 17:59 | Create | Villager (Male) |
| 18:06 | Create | Galley |
| 18:13 | Create | Villager (Male) |
| 18:26 | Create | Villager (Male) |
| 18:38 | Build | Farm |
| 18:38 | Build | Farm |
| 18:38 | Build | Farm |
| 18:44 | Create | Galley |
| 18:44 | Create | Galley |
| 18:50 | Create | Villager (Male) |
| 18:52 | Build | Farm |
| 19:01 | Create | Villager (Male) |
| 19:03 | Build | Farm |
| 19:04 | Build | Farm |
| 19:14 | Build | Farm |
| 19:22 | Create | Villager (Male) |
| 19:23 | Build | Farm |
| 19:30 | Build | House |
| 19:38 | Create | Galley |
| 19:42 | Create | Demolition Raft |
| 19:42 | Create | Demolition Raft |
| 19:49 | Create | Villager (Male) |
| 19:56 | Create | Villager (Male) |
| 20:02 | Create | Villager (Male) |
| 20:04 | Build | Farm |
| 20:05 | Build | Farm |
| 20:19 | Create | Villager (Male) |
| 20:24 | Build | House |
| 20:24 | Build | House |
| 20:31 | Create | Villager (Male) |
| 20:44 | Create | Villager (Male) |
| 20:54 | Create | Villager (Male) |
| 21:01 | Build | Market |
| 21:06 | Build | Lumber Camp |
| 21:13 | Create | Villager (Male) |
| 21:14 | Build | Farm |
| 21:15 | Build | Farm |
| 21:15 | Create | Galley |
| 21:16 | Create | Galley |
| 21:18 | Build | House |
| 21:22 | Build | House |
| 21:29 | Build | House |
Build order — Đà Lạt
First 150 of 325 actions detected
| 0:19 | Build | Town Center |
| 1:45 | Build | Palisade Wall |
| 1:51 | Build | Palisade Wall |
| 1:54 | Build | Palisade Wall |
| 2:06 | Build | House |
| 2:21 | Build | Palisade Wall |
| 3:01 | Build | Palisade Wall |
| 3:05 | Create | Villager (Male) |
| 3:06 | Create | Villager (Male) |
| 3:06 | Create | Villager (Male) |
| 3:06 | Create | Villager (Male) |
| 3:06 | Create | Villager (Male) |
| 3:06 | Create | Villager (Male) |
| 3:40 | Build | Dock |
| 4:17 | Research | Loom |
| 5:07 | Create | Fishing Ship |
| 5:08 | Create | Fishing Ship |
| 5:18 | Create | Villager (Male) |
| 5:19 | Create | Villager (Male) |
| 5:19 | Create | Villager (Male) |
| 5:39 | Build | Palisade Wall |
| 5:41 | Build | Palisade Wall |
| 5:44 | Build | Palisade Wall |
| 5:50 | Create | Villager (Male) |
| 5:50 | Create | Villager (Male) |
| 5:50 | Create | Villager (Male) |
| 5:57 | Build | House |
| 6:27 | Create | Villager (Male) |
| 6:44 | Create | Villager (Male) |
| 6:44 | Create | Villager (Male) |
| 6:44 | Create | Villager (Male) |
| 7:09 | Create | Fishing Ship |
| 7:09 | Create | Fishing Ship |
| 7:09 | Create | Fishing Ship |
| 7:19 | Create | Villager (Male) |
| 7:19 | Create | Villager (Male) |
| 7:19 | Create | Villager (Male) |
| 7:42 | Create | Villager (Male) |
| 7:42 | Create | Villager (Male) |
| 7:42 | Create | Villager (Male) |
| 8:14 | Create | Fishing Ship |
| 8:15 | Create | Fishing Ship |
| 8:19 | Build | House |
| 8:29 | Build | House |
| 8:39 | Create | Villager (Male) |
| 8:40 | Create | Villager (Male) |
| 8:40 | Create | Villager (Male) |
| 8:40 | Create | Villager (Male) |
| 8:40 | Create | Villager (Male) |
| 8:45 | Create | Fishing Ship |
| 8:49 | Build | House |
| 9:05 | Build | House |
| 9:08 | Build | House |
| 9:20 | Create | Villager (Male) |
| 9:20 | Create | Villager (Male) |
| 9:20 | Create | Villager (Male) |
| 9:21 | Create | Villager (Male) |
| 9:29 | Build | House |
| 9:36 | Create | Villager (Male) |
| 9:36 | Create | Villager (Male) |
| 9:36 | Create | Villager (Male) |
| 9:40 | Create | Fishing Ship |
| 9:41 | Create | Fishing Ship |
| 9:41 | Create | Fishing Ship |
| 10:09 | Create | Fishing Ship |
| 10:31 | Create | Villager (Male) |
| 10:31 | Create | Villager (Male) |
| 10:31 | Create | Villager (Male) |
| 11:26 | Build | Palisade Wall |
| 11:31 | Build | Palisade Wall |
| 11:33 | Create | Villager (Male) |
| 11:33 | Create | Villager (Male) |
| 11:42 | Build | Palisade Wall |
| 11:49 | Build | Mill |
| 12:10 | Create | Villager (Male) |
| 12:40 | Build | Palisade Gate |
| 13:00 | Build | Mining Camp |
| 13:03 | Create | Villager (Male) |
| 13:16 | Build | Palisade Wall |
| 13:32 | Research | Feudal Age |
| 14:23 | Build | Palisade Wall |
| 14:55 | Build | Palisade Wall |
| 15:16 | Create | Villager (Male) |
| 15:16 | Create | Villager (Male) |
| 15:47 | Create | Villager (Male) |
| 15:48 | Create | Villager (Male) |
| 15:49 | Age | Feudal Age |
| 15:52 | Build | Market |
| 15:57 | Build | House |
| 16:01 | Build | Blacksmith |
| 16:56 | Research | Castle Age |
| 17:05 | Build | Lumber Camp |
| 17:46 | Build | Lumber Camp |
| 17:47 | Research | Double-Bit Axe |
| 17:48 | Research | Double-Bit Axe |
| 17:58 | Build | Dock |
| 18:25 | Research | Stone Mining |
| 18:26 | Research | Stone Mining |
| 19:19 | Create | Villager (Male) |
| 19:19 | Create | Villager (Male) |
| 19:36 | Age | Castle Age |
| 19:43 | Build | House |
| 19:44 | Build | House |
| 19:54 | Build | Monastery |
| 20:01 | Research | Bow Saw |
| 20:02 | Research | Bow Saw |
| 20:02 | Research | Bow Saw |
| 20:03 | Create | Villager (Male) |
| 20:03 | Create | Villager (Male) |
| 20:36 | Build | Castle |
| 21:00 | Create | Monk |
| 21:00 | Create | Monk |
| 21:11 | Research | Fletching |
| 21:11 | Research | Fletching |
| 21:12 | Create | Villager (Male) |
| 21:13 | Create | Villager (Male) |
| 21:54 | Create | Villager (Male) |
| 21:58 | Build | Town Center |
| 22:10 | Create | Fishing Ship |
| 22:10 | Create | Fishing Ship |
| 22:13 | Create | Fishing Ship |
| 22:14 | Create | Fishing Ship |
| 22:16 | Create | Villager (Male) |
| 22:46 | Build | Town Center |
| 22:51 | Create | Villager (Male) |
| 23:12 | Create | Villager (Male) |
| 23:12 | Create | Villager (Male) |
| 23:31 | Create | War Wagon ×3 |
| 23:32 | Create | War Wagon ×3 |
| 23:32 | Create | War Wagon ×3 |
| 23:32 | Create | War Wagon |
| 23:33 | Create | Villager (Male) |
| 23:34 | Create | Villager (Male) |
| 23:34 | Create | Villager (Male) |
| 23:34 | Create | Villager (Male) |
| 24:09 | Create | Villager (Male) |
| 24:09 | Create | Villager (Male) |
| 24:12 | Create | Villager (Male) |
| 24:13 | Create | Villager (Male) |
| 24:13 | Create | Villager (Male) |
| 24:13 | Create | Villager (Male) |
| 24:17 | Build | Outpost |
| 24:46 | Create | War Wagon |
| 24:46 | Create | War Wagon |
| 24:46 | Create | War Wagon |
| 24:52 | Create | Villager (Male) |
| 24:52 | Create | Villager (Male) |
| 25:18 | Build | Castle |
| 25:26 | Create | Villager (Male) |
| 25:27 | Create | Villager (Male) |
Match timeline
| 0:12 | . · first_building Dock |
| 0:34 | Rgeadn · first_building Dock |
| 0:38 | RoR | Smokealot · first_building Dock |
| 1:04 | Evan · first_building Dock |
| 1:11 | Festering Goblin_1 · first_building Dock |
| 1:12 | umugwanyi · first_building Dock |
| 1:40 | RoR | Smokealot · wall_segment Palisade Wall x1 |
| 1:45 | Đà Lạt · wall_segment Palisade Wall x1 |
| 1:51 | Đà Lạt · wall_segment Palisade Wall x1 |
| 1:54 | Đà Lạt · wall_segment Palisade Wall x1 |
| 2:12 | umugwanyi · wall_segment Palisade Wall x1 |
| 2:15 | umugwanyi · wall_segment Palisade Wall x1 |
| 2:21 | Đà Lạt · wall_segment Palisade Wall x1 |
| 2:24 | umugwanyi · wall_segment Palisade Wall x1 |
| 2:48 | RoR | Smokealot · wall_segment Palisade Wall x1 |
| 2:50 | RoR | Smokealot · wall_segment Palisade Wall x1 |
| 2:54 | RoR | Smokealot · wall_segment Palisade Wall x1 |
| 3:01 | Đà Lạt · wall_segment Palisade Wall x1 |
| 3:40 | Đà Lạt · first_building Dock |
| 3:49 | kw · wall_segment Palisade Wall x1 |
| 3:52 | kw · wall_segment Palisade Wall x1 |
| 3:53 | kw · wall_segment Palisade Wall x1 |
| 4:22 | kw · wall_segment Palisade Wall x1 |
| 4:22 | kw · wall_segment Palisade Wall x1 |
| 4:25 | kw · wall_segment Palisade Wall x1 |
| 4:30 | kw · wall_segment Palisade Wall x1 |
| 4:33 | kw · wall_segment Palisade Wall x1 |
| 4:35 | kw · wall_segment Palisade Wall x1 |
| 4:44 | kw · wall_segment Palisade Wall x1 |
| 4:50 | kw · wall_segment Palisade Wall x1 |
| 4:51 | kw · wall_segment Palisade Wall x1 |
| 4:55 | Rgeadn · wall_segment Palisade Wall x1 |
| 4:59 | kw · first_building Dock |
| 5:39 | Đà Lạt · wall_segment Palisade Wall x1 |
| 5:41 | Đà Lạt · wall_segment Palisade Wall x1 |
| 5:44 | Đà Lạt · wall_segment Palisade Wall x1 |
| 5:58 | RoR | Smokealot · wall_segment Palisade Wall x1 |
| 6:14 | kw · wall_segment Palisade Wall x1 |
| 6:21 | RoR | Smokealot · wall_segment Palisade Wall x1 |
| 6:23 | RoR | Smokealot · wall_segment Palisade Wall x1 |
| 6:24 | RoR | Smokealot · wall_segment Palisade Wall x1 |
| 6:40 | . · wall_segment Palisade Wall x1 |
| 7:35 | . · wall_segment Palisade Wall x1 |
| 7:36 | . · wall_segment Palisade Wall x1 |
| 8:41 | . · wall_segment Palisade Wall x1 |
| 8:42 | kw · wall_segment Palisade Wall x1 |
| 8:45 | kw · wall_segment Palisade Wall x1 |
| 8:54 | . · wall_segment Palisade Wall x1 |
| 9:44 | kw · wall_segment Palisade Wall x1 |
| 9:46 | kw · wall_segment Palisade Wall x1 |
| 11:26 | Đà Lạt · wall_segment Palisade Wall x14 |
| 11:31 | Đà Lạt · wall_segment Palisade Wall x10 |
| 11:40 | RoR | Smokealot · wall_segment Palisade Wall x11 |
| 11:42 | RoR | Smokealot · wall_segment Palisade Wall x5 |
| 11:42 | Đà Lạt · wall_segment Palisade Wall x8 |
| 11:48 | . · age_up feudal |
| 12:12 | Evan · age_up feudal |
| 12:15 | Rgeadn · first_building Barracks |
| 12:33 | . · wall_segment Palisade Wall x7 |
| 12:52 | . · wall_segment Palisade Wall x10 |
| 12:58 | umugwanyi · wall_segment Palisade Wall x1 |
| 13:11 | Festering Goblin_1 · wall_segment Palisade Wall x1 |
| 13:13 | Festering Goblin_1 · wall_segment Palisade Wall x1 |
| 13:16 | Đà Lạt · wall_segment Palisade Wall x3 |
| 13:26 | RoR | Smokealot · age_up feudal |
| 13:31 | umugwanyi · wall_segment Palisade Wall x1 |
| 13:42 | . · wall_segment Palisade Wall x7 |
| 13:43 | Rgeadn · age_up feudal |
| 13:51 | Rgeadn · first_building Archery Range |
| 14:00 | Festering Goblin_1 · age_up feudal |
| 14:23 | Đà Lạt · wall_segment Palisade Wall x1 |
| 14:32 | kw · wall_segment Palisade Wall x1 |
| 14:33 | kw · wall_segment Palisade Wall x1 |
| 14:34 | kw · wall_segment Palisade Wall x1 |
| 14:34 | umugwanyi · age_up feudal |
| 14:35 | kw · wall_segment Palisade Wall x1 |
| 14:55 | Đà Lạt · wall_segment Palisade Wall x1 |
| 15:05 | kw · age_up feudal |
| 15:49 | Đà Lạt · age_up feudal |
| 16:17 | umugwanyi · first_market_buy 100 food |
| 16:56 | RoR | Smokealot · wall_segment Palisade Wall x1 |
| 17:30 | RoR | Smokealot · wall_segment Palisade Wall x5 |
| 17:38 | Rgeadn · age_up castle |
| 17:46 | Festering Goblin_1 · age_up castle |
| 17:48 | RoR | Smokealot · first_market_buy 100 food |
| 17:59 | Festering Goblin_1 · first_market_sell 100 food |
| 18:47 | umugwanyi · wall_segment Palisade Wall x1 |
| 18:52 | RoR | Smokealot · wall_segment Palisade Wall x15 |
| 18:53 | kw · first_market_sell 100 food |
| 18:54 | kw · first_market_buy 100 wood |
| 18:56 | kw · age_up castle |
| 19:08 | umugwanyi · age_up castle |
| 19:13 | umugwanyi · first_building Siege Workshop |
| 19:36 | Festering Goblin_1 · first_building Monastery |
| 19:36 | Đà Lạt · age_up castle |
| 19:54 | Đà Lạt · first_building Monastery |
| 20:04 | . · age_up castle |
| 20:11 | . · first_market_sell 100 food |
| 20:12 | . · first_market_buy 100 wood |
| 20:13 | umugwanyi · wall_segment Stone Wall x1 |
| 20:29 | RoR | Smokealot · age_up castle |
| 20:36 | Đà Lạt · first_building Castle |
| 21:07 | RoR | Smokealot · wall_segment Stone Wall x5 |
| 21:48 | Evan · first_building Barracks |
| 21:54 | Evan · first_market_sell 100 stone |
| 21:54 | Evan · first_market_buy 100 food |
| 22:10 | RoR | Smokealot · wall_segment Stone Wall x3 |
| 22:13 | RoR | Smokealot · wall_segment Stone Wall x7 |
| 22:33 | Rgeadn · first_building Stable |
| 23:24 | . · first_building Barracks |
| 23:59 | RoR | Smokealot · wall_segment Stone Wall x8 |
| 24:23 | kw · first_building Monastery |
| 24:35 | . · first_building Stable |
| 25:04 | Evan · first_building Stable |
| 25:11 | Evan · age_up castle |
| 25:15 | kw · wall_segment Palisade Wall x6 |
| 25:16 | Festering Goblin_1 · first_building Barracks |
| 26:06 | Evan · first_building Castle |
| 26:07 | Festering Goblin_1 · first_building Stable |
| 26:19 | RoR | Smokealot · wall_segment Stone Wall x14 |
| 26:30 | kw · first_building Siege Workshop |
| 26:37 | Đà Lạt · first_market_buy 100 food |
| 26:38 | kw · first_building Barracks |
| 26:44 | RoR | Smokealot · first_building Siege Workshop |
| 26:54 | Evan · first_building Siege Workshop |
| 27:17 | umugwanyi · first_building Castle |
| 27:17 | RoR | Smokealot · wall_segment Stone Wall x4 |
| 27:38 | kw · first_building Archery Range |
| 28:34 | RoR | Smokealot · wall_segment Stone Wall x10 |
| 28:35 | RoR | Smokealot · wall_segment Stone Wall x6 |
| 28:53 | Đà Lạt · wall_segment Palisade Wall x1 |
| 29:05 | kw · first_building Stable |
| 29:07 | Rgeadn · first_building Castle |
| 29:37 | Rgeadn · first_building Siege Workshop |
| 30:14 | RoR | Smokealot · first_building Barracks |
| 30:34 | kw · first_building Castle |
| 30:50 | Festering Goblin_1 · first_building Castle |
| 31:13 | RoR | Smokealot · first_building Stable |
| 31:40 | . · first_building Monastery |
| 31:56 | RoR | Smokealot · first_building Monastery |
| 32:01 | umugwanyi · first_building Monastery |
| 32:12 | umugwanyi · wall_segment Stone Wall x1 |
| 32:15 | umugwanyi · wall_segment Stone Wall x1 |
| 32:35 | RoR | Smokealot · first_market_sell 100 food |
| 33:57 | Evan · resign |
| 34:44 | Rgeadn · first_building Monastery |
| 35:05 | kw · wall_segment Stone Wall x15 |
| 35:39 | . · age_up imperial |
| 35:57 | RoR | Smokealot · age_up imperial |
| 36:07 | kw · wall_segment Stone Wall x1 |
| 36:10 | kw · wall_segment Stone Wall x1 |
| 36:11 | kw · wall_segment Stone Wall x1 |
| 36:16 | kw · wall_segment Stone Wall x1 |
| 36:17 | kw · wall_segment Stone Wall x1 |
| 36:20 | kw · wall_segment Stone Wall x1 |
| 36:22 | kw · wall_segment Stone Wall x1 |
| 36:22 | RoR | Smokealot · first_building Castle |
| 36:24 | kw · wall_segment Stone Wall x1 |
| 36:25 | kw · wall_segment Stone Wall x1 |
| 37:25 | Đà Lạt · first_market_sell 100 stone |
| 38:36 | Đà Lạt · first_building Barracks |
| 39:41 | Rgeadn · age_up imperial |
| 39:44 | Đà Lạt · first_building Archery Range |
| 39:45 | Đà Lạt · first_building Stable |
| 39:55 | RoR | Smokealot · wall_segment Stone Wall x4 |
| 39:59 | kw · age_up imperial |
| 40:23 | Đà Lạt · first_building Siege Workshop |
| 40:38 | Đà Lạt · age_up imperial |
[ AI ANALYSIS · 1 CREDIT ]
What really happened in this match?
Wolo.gg analyzes every decision: build order, eco, micro, common mistakes by bracket. Personalized analysis on WhatsApp or Discord in 30 seconds.
Civ guide
Franks
Perfil
Jugador #14757603